 Dungeon Sprint DCSS version 0.24-a0-309-g1095bcad4c (webtiles) character file.

Game seed: 11402284303341907225

600000 Hercules1031 the Severer (level 11, -11/116 HPs)
             Began as a Deep Dwarf Warper on May 14, 2019.
             Was an Initiate of Makhleb.
             Mangled by a bag of meat
             ... wielding a +9 war axe
              (35 damage)
             ... in the Dungeon (Sprint VIII: "Arena of Blood").
             The game lasted 00:01:07 (6 turns).

Hercules1031 the Severer (Deep Dwarf Warper)           Turns: 6, Time: 00:01:08

Health: -11/116    AC:  3    Str: 14    XL:     11   Next: 71%
Magic:  3/28       EV: 22    Int: 15    God:    Makhleb [......]
Gold:   0          SH:  0    Dex: 15    Spells: 37/37 levels left

rFire    . . .     SeeInvis .   c - +โˆž Axe of Woe
rCold    . . .     Gourm    .   (shield currently unavailable)
rNeg     . . .     Faith    .   b - +0 leather armour
rPois    .         Spirit   .   (no helmet)
rElec    .         Reflect  .   (no cloak)
rCorr    .         Harm     .   (no gloves)
MR       +....     NoTele   +   (no boots)
Stlth    +.........             (no amulet)
HPRegen  0.00/turn              (no ring)
MPRegen  0.21/turn              (no ring)

@: very slightly contaminated, non-regenerating
A: damage resistance, heal wounds, sense surroundings 2, no regeneration
a: Heal Wounds, Renounce Religion


You were in the Dungeon.
You worshipped Makhleb.
Makhleb was noncommittal.
You were not hungry.

You visited 1 branch

Inventory:

Hand Weapons
 a - a +0 hand axe
 c - the +โˆž Axe of Woe (weapon)
   (You found it in the Dungeon)
Missiles
 e - 5 boomerangs of dispersal (quivered)
Armour
 b - a +0 leather armour (worn)
Scrolls
 d - a scroll of blinking
Potions
 g - a potion of curing
 h - a potion of heal wounds
 i - a potion of haste
 j - 2 potions of magic
 k - a potion of berserk rage
Comestibles
 f - a ration


   Skills:
 + Level 12.9 Fighting
 + Level 15.5 Axes
 - Level 0.8 Throwing
 + Level 5.8 Armour
 + Level 14.6 Dodging
 + Level 13.6 Spellcasting
   Level 3.2 Translocations


You had 37 spell levels left.
You didn't know any spells.
Your spell library contained the following spells:

 Spells                   Type           Power        Failure   Level  Hunger
 Blink                    Tloc           N/A          3%          2    None
 Shroud of Golubria       Chrm/Tloc      ###.......   6%          2    None
 Gell's Gravitas          Tloc           ###.......   6%          3    None
 Lesser Beckoning         Tloc           ###.......   6%          3    None
 Teleport Other           Tloc           ###.....     6%          3    None
 Passage of Golubria      Tloc           N/A          22%         4    ##.....


Dungeon Overview and Level Annotations

Branches:
Dungeon (1/1)

Altars:
Makhleb


Innate Abilities, Weirdness & Mutations

You are resistant to damage.
You can heal yourself by infusing magical energy.
You passively map the area around you.
You do not regenerate.


Message History

Your attunement to dungeon structure grows.
You have reached level 10!
You have reached level 11!
The meat berserker appears out of thin air!
A meat berserker comes into view. It is wielding a +9 battleaxe.
The meat berserker appears out of thin air!
A meat berserker comes into view. It is wielding a +9 battleaxe.
The meat berserker appears out of thin air!
A meat berserker comes into view. It is wielding a +9 battleaxe.
The meat berserker shouts! x3; You hear two shouts!
The meat berserker rages.
You hear a shout! x2
A bag of meat comes into view. It is wielding a +9 war axe. x2
You hear a shout! x3
A bag of meat comes into view. It is wielding a +9 war axe. x2
You hear a shout!
A meat berserker comes into view. It is wielding a +9 battleaxe.
You hear a shout!
The bag of meat hits you with a +9 war axe!!!
You die...

, , , #.....# ,
,* , ,
..#_.<.ยง#... ,
..#.....#.., *,*
, ,......_.....
,, ,,
.....o###O..... ,
,
.###.......###...
, , ,, #.......#
..O ,, , ,
o#......)#.....,
,, , ,
,....O..@oO.....
, , ,
.............#. ,
.......O....#.. ,
,, ,*
,..........##...
* , *
,#........#o .. ,
* , ,
..Oo...o.#.. # ,
, *#o#.......,.o
, , * ,
,,.o........ ...
,, , , * , , **
,, ,


You could see 6 meat berserkers and 9 bags of meat.

Vanquished Creatures
  An orc (D)
1 creature vanquished.

Notes
Turn   | Place    | Note
-------+----------+-------------------------------------------
     0 | D        | Found the +โˆž Axe of Woe
     0 | D        | Hercules1031 the Deep Dwarf Warper began the quest for the
                  | Orb.
     0 | D        | Reached XP level 1. HP: 19/19 MP: 3/3
     0 | D        | Noticed a meat berserker
     3 | D        | Noticed a bag of meat
     3 | D        | Noticed a bag of meat
     4 | D        | Became a worshipper of Makhleb the Destroyer
     4 | D        | Noticed a bag of meat
     5 | D        | Noticed a bag of meat
     5 | D        | Noticed a bag of meat
     5 | D        | Noticed a bag of meat
     5 | D        | Noticed a bag of meat
     5 | D        | Noticed a bag of meat
     5 | D        | Noticed a meat berserker
     6 | D        | Killed a bag of meat
     6 | D        | Reached skill level 15 in Axes
     6 | D        | Reached skill level 5 in Armour
     6 | D        | Reached XP level 2. HP: 9/46 MP: 3/16
     6 | D        | Reached XP level 3. HP: 11/54 MP: 3/18
     6 | D        | Reached XP level 4. HP: 13/62 MP: 3/19
     6 | D        | Reached XP level 5. HP: 14/69 MP: 3/21
     6 | D        | Reached XP level 6. HP: 16/78 MP: 3/22
     6 | D        | Reached XP level 7. HP: 17/85 MP: 3/24
     6 | D        | Reached XP level 8. HP: 19/93 MP: 3/25
     6 | D        | Gained mutation: You passively map the area around you.
                  | [Deep Dwarf growth]
     6 | D        | Reached XP level 9. HP: 21/100 MP: 3/26
     6 | D        | Reached XP level 10. HP: 22/109 MP: 3/27
     6 | D        | Reached XP level 11. HP: 24/116 MP: 3/28
     6 | D        | Noticed a meat berserker
     6 | D        | Noticed a meat berserker
     6 | D        | Noticed a meat berserker
     6 | D        | Noticed a bag of meat
     6 | D        | Noticed a bag of meat
     6 | D        | Noticed a bag of meat
     6 | D        | Noticed a bag of meat
     6 | D        | Noticed a meat berserker
     6 | D        | Mangled by a bag of meat

Levels and vault maps discovered:
D:        meatsprint

Skill      XL: |  1 |
---------------+----+-----
Fighting       | 12 | 12.9
Axes           | 15 | 15.5
Armour         | 5 |  5.8
Dodging        | 14 | 14.6
Spellcasting   | 13 | 13.6
Throwing       | |  0.8
Translocations | |  3.2

Action                   |  1- 3 |  4- 6 |  7- 9 | 10-12 || total
-------------------------+-------+-------+-------+-------++-------
Melee: Executioner's axe |     1 |       |       |       ||     1
  Use: Scroll            |     1 |       |       |       ||     1

Table legend:
 A = Non-vault XP
 B = Vault XP
 C = Vault XP percentage of total XP
 D = Non-vault monster count
 E = Vault monster count
 F = Vault count percentage of total count
                 A         B        C        D         E       F
            +---------+---------+-------+---------+---------+-------
      Total |       0 |   18760 | 100.0 |       0 |       1 | 100.0
            +---------+---------+-------+---------+---------+-------
          D |       0 |   18760 | 100.0 |       0 |       1 | 100.0
            +---------+---------+-------+---------+---------+-------
